 Dungeon Crawl Stone Soup version 0.28.0-45-g0d030f2227 (webtiles) character file.

Game seed: 7166037756061317977

65 101zpm the Skirmisher (level 4, -2/29 HPs)
             Began as a Gargoyle Fighter on Apr 8, 2022.
             Slain by an iguana (8 damage)
             ... on level 4 of the Dungeon.
             The game lasted 00:02:29 (1548 turns).

101zpm the Skirmisher (Gargoyle Fighter)            Turns: 1548, Time: 00:02:29

Health: -2/29      AC: 10    Str: 22    XL:     4   Next: 13%
Magic:  4/4        EV:  9    Int:  8    God:
Gold:   19         SH:  4    Dex:  9    Spells: 3/3 levels left

rFire   . . .      SeeInvis .   a - +0 flail
rCold   . . .      Faith    .   c - +0 buckler
rNeg    + . .      Spirit   .   b - +0 scale mail
rPois   ∞          Reflect  .   (no helmet)
rElec   +          Harm     .   (no cloak)
rCorr   .          Rampage  .   (no gloves)
Will    .....                   (no boots)
Stlth   ..........              (no amulet)
HPRegen 0.09/turn               (no ring)
MPRegen 0.09/turn               (no ring)

@: no status effects
A: sickness immunity, AC +3, negative energy resistance 1, electricity
resistance, torment resistance 1, petrification resistance
a: no special abilities


You were on level 4 of the Dungeon.
You visited 1 branch of the dungeon, and saw 4 of its levels.

You collected 19 gold pieces.

Inventory:

Hand Weapons
 a - a +0 flail (weapon)
Armour
 b - a +0 scale mail (worn)
 c - a +0 buckler (worn)
Wands
 l - a wand of flame (12)
Scrolls
 f - a scroll of fog {unknown}
 i - a scroll of identify {unknown}
Potions
 d - a potion of might
 e - a potion of mutation {unknown}
 g - a potion of curing {unknown}
 h - a potion of ambrosia {unknown}
 j - a potion of haste {unknown}
 k - a potion of degeneration {unknown}


   Skills:
 + Level 3.9 Fighting
 + Level 2.8 Maces & Flails
 + Level 3.8 Armour
 + Level 0.1 Dodging
 + Level 0.1 Stealth
 + Level 3.7 Shields


You had 3 spell levels left.
You didn't know any spells.
Your spell library was empty.

Dungeon Overview and Level Annotations

Branches:
Dungeon (4/15)
 Temple: D:4-7

Altars:


Innate Abilities, Weirdness & Mutations

You are immune to sickness and miasma.
Your stone body is resilient. (AC +3)
You are immune to poison.
You resist negative energy. (rN+)
You are resistant to electric shocks. (rElec)
You are resistant to unholy torment.
You are immune to petrification.


Message History

No target in view!
Found a knobbly jewelled staff.
You start resting.
HP restored.
An iguana comes into view.
Found a scroll labelled ROUCKEG UGAR and 16 gold pieces.
The iguana hisses angrily.
An iguana is nearby!
You hit the iguana.
The iguana is moderately wounded.
The iguana bites you!
You hit the iguana.
The iguana is heavily wounded.
The iguana misses you.
You barely miss the iguana.
The iguana is heavily wounded.
The iguana bites you. You block the iguana's attack.
You are too injured to fight recklessly!
You are too injured to fight recklessly!
You are too injured to fight recklessly!
You are too injured to fight recklessly!
You are too injured to fight recklessly!
You are too injured to fight recklessly!
You are too injured to fight recklessly!
You are too injured to fight recklessly!
You are too injured to fight recklessly!
You hit the iguana.
The iguana is heavily wounded.
The iguana bites you!
* * * LOW HITPOINT WARNING * * *
You closely miss the iguana.
The iguana is heavily wounded.
The iguana bites you but does no damage.
You barely miss the iguana.
The iguana is heavily wounded.
You block the iguana's attack.
You thump the iguana!
The iguana is almost dead.
The iguana bites you!
You die...

#.#...?....$
#..........# .
#..........## ..
####..........# ...
....#....#..... ..#
..#........#...##....#
....##........$..#>...
.............@l......
#.#.............#...
#..................#
|###..................
...............#####..
###...........#### .
#..###.........#
.................#
##...........<....#


You could see an iguana.

Vanquished Creatures
  Jessica (D:3)
  A worm (D:3)
  An orc (D:2)
  5 endoplasms
  2 giant cockroaches (D:2)
  3 goblins
  6 hobgoblins
  3 quokkas
  3 bats
  2 frilled lizards (D:1)
  2 kobolds (D:1)
  4 rats
33 creatures vanquished.

Notes
Turn   | Place    | Note
-------+----------+-------------------------------------------
     0 | D:1      | 101zpm the Gargoyle Fighter began the quest for the Orb.
     0 | D:1      | Reached XP level 1. HP: 14/14 MP: 1/1
   279 | D:1      | Reached XP level 2. HP: 19/19 MP: 2/2
   879 | D:2      | Reached XP level 3. HP: 24/24 MP: 3/3
  1066 | D:2      | Found a faded altar of an unknown god.
  1413 | D:3      | Noticed Jessica
  1418 | D:3      | Killed Jessica
  1419 | D:3      | Reached XP level 4. HP: 29/29 MP: 4/4
  1426 | D:3      | Noticed an ogre
  1548 | D:4      | Slain by an iguana

Illustrated notes

Levels and vault maps discovered:
D:1:      amcnicky_arrival_double_pillar, layout_basic
D:2:      layout_rooms, hellmonk_ecumenical_altar_crossroads
D:3:      layout_basic, uniq_jessica
D:4:      layout_rooms, serial_forest, infiniplex_forest_clump_medium,
          infiniplex_forest_lined_corner, infiniplex_forest_lined_room_3,
          infiniplex_forest_end_1, infiniplex_forest_clump_long,
          infiniplex_forest_straight_3

Action                   |  1- 3 |  4- 6 || total
-------------------------+-------+-------++-------
Melee: Flail             |   103 |    16 ||   119
Armor: Scale mail        |    50 |     6 ||    56
Dodge: Dodged            |    47 |     5 ||    52
Block: Buckler           |    21 |     5 ||    26
